 Dungeon Crawl Stone Soup version 0.20.0-15-g7f486f2 (webtiles) character file.

405 anfisbena the Charmwright (level 6, 0/44 HPs)
             Began as a Merfolk Skald on June 16, 2017.
             Killed by Freeze
             ... invoked by ThereIsNoGod's ghost
              (6 damage)
             ... on level 5 of the Dungeon.
             The game lasted 00:06:13 (6974 turns).

anfisbena the Charmwright (Merfolk Skald)           Turns: 6974, Time: 00:06:14

Health: 0/44       AC:  9    Str: 19    XL:     6   Next: 87%
Magic:  0/9        EV: 12    Int: 14    God:
Gold:   221        SH:  0    Dex: 15    Spells: 3/9 levels left

rFire    + . .     SeeInvis .   a - +0 trident
rCold    x . .     Gourm    .   (no shield)
rNeg     + . .     Faith    .   u - +4 ring mail "Kurihu" {rC- rN+ Dex+2 Stlth+}
rPois    .         Spirit   +   (no helmet)
rElec    .         Reflect  .   (no cloak)
rCorr    .         Harm     .   (no gloves)
MR       .....                  (no boots)
Stlth    ++........             g - amulet of guardian spirit
Regen    0.2/turn               t - +2 ring of strength
MPRegen  0.2/turn               y - ring of protection from fire

@: mighty, infused, very slightly contaminated
A: change form in water, swift swim, stealthy swim
a: no special abilities


You were on level 5 of the Dungeon.
You were hungry.

You visited 1 branch of the dungeon, and saw 5 of its levels.

You collected 221 gold pieces.

Inventory:

Hand Weapons
 a - a +0 trident (weapon)
Armour
 b - a +0 leather armour
 u - the +4 ring mail "Kurihu" (worn) {rC- rN+ Dex+2 Stlth+}
   (You found it on level 4 of the Dungeon)

   It affects your dexterity (+2).
   It makes you vulnerable to cold.
   It protects you from negative energy.
   It makes you more stealthy.
Jewellery
 g - an amulet of guardian spirit (around neck)
 t - a +2 ring of strength (left hand)
 y - a ring of protection from fire (right hand)
Wands
 n - a wand of confusion (11/48)
 v - a wand of disintegration (6/24)
Scrolls
 e - a scroll of enchant armour {unknown}
 f - a scroll of magic mapping {unknown}
 i - 4 scrolls of remove curse {unknown}
 j - 3 scrolls of enchant weapon {unknown}
 k - a scroll of blinking {unknown}
 m - 5 scrolls of identify {unknown}
 p - a scroll of amnesia {unknown}
 r - 4 scrolls of random uselessness {unknown}
 w - a scroll of fear {unknown}
Potions
 l - a potion of heal wounds {unknown}
 q - a potion of magic
 x - a potion of flight
Books
 c - a book of Battle

   Spells                             Type                      Level
   a - Infusion                       Charms                       1
   b - Shroud of Golubria             Charms/Translocation         2
   c - Song of Slaying                Charms                       2
   d - Spectral Weapon                Hexes/Charms                 3
   e - Regeneration                   Charms/Necromancy            3
Comestibles
 d - 3 bread rations
 o - 2 meat rations
 z - a royal jelly
 A - a fruit


   Skills:
 - Level 2.1 Fighting
 - Level 3.0 Polearms
 - Level 0.6 Armour
 - Level 2.6 Dodging
 - Level 2.0 Spellcasting
 * Level 3.3 Hexes
 + Level 5.6 Charms
 - Level 3.0 Translocations


You had 3 spell levels left.
You knew the following spells:

 Your Spells              Type           Power        Failure   Level  Hunger
a - Infusion              Chrm           ###.         4%          1    ##.....
b - Shroud of Golubria    Chrm/Tloc      ##........   11%         2    ###....
c - Spectral Weapon       Hex/Chrm       ##......     19%         3    ####...


Dungeon Overview and Level Annotations

Branches:
Dungeon (5/15)
 Temple: D:4-7

Altars:
Dithmenos
Gozag
Zin

Shops:
D:5 :%*

Annotations:
D:5 Edmund; Ijyb; ThereIsNoGod's ghost, novice OpIE


Message History

You hit ThereIsNoGod's ghost!
ThereIsNoGod's ghost is moderately damaged.
ThereIsNoGod's ghost lets out a mournful wail.
ThereIsNoGod's ghost casts a spell at you.
You are frozen.
* * * LOW HITPOINT WARNING * * *
The ice beast hits you but does no damage. x2
ThereIsNoGod's ghost hits you but does no damage.
It was a potion of might.
You feel very mighty all of a sudden. The ice beast closely misses you.
ThereIsNoGod's ghost hits you.
* * * LOW HITPOINT WARNING * * *
It was a potion of curing.
You feel better. The ice beast misses you. ThereIsNoGod's ghost hits you.
* * * LOW HITPOINT WARNING * * *
You puncture ThereIsNoGod's ghost!
ThereIsNoGod's ghost is severely damaged.
ThereIsNoGod's ghost stares at you and mumbles some strange words.
You are frozen.
You die...

#.....###.....# #.#
..###.#...........#######.###
..................#.........#
.##.###.#.####..#...#.........##
............[...................
##.###∩##.####.#...'.........#.
#.#.......#..##.........##
#.#.#.#####..##.........##
#..#.#..YW@Y..##.........##
#..#.#..####.###.........#
#..........#...+.........#
#....#...#.#.###.........#
#....#.....#.# #.........# ....
###..##.#######'#####
#....####.#...........#####
...<...%...................
.#?#####............#####


You could see 2 ice beasts and ThereIsNoGod's ghost.

Vanquished Creatures
  2 hounds (D:4)
  An iguana (D:4)
  Jessica (D:3)
  2 orc wizards (D:3)
  Terence (D:2)
  A gnoll (D:2)
  10 adders
  2 oozes (D:3)
  2 adder skeletons (D:4)
  A worm (D:5)
  4 dart slugs
  3 leopard geckos
  9 orcs
  3 ball pythons (D:2)
  7 bats
  A giant cockroach (D:1)
  6 goblins
  7 hobgoblins
  10 jackals
  2 quokkas (D:3)
  5 frilled lizards
  5 kobolds
  8 rats
93 creatures vanquished.

Notes
Turn   | Place    | Note
-------+----------+-------------------------------------------
     0 | D:1      | anfisbena the Merfolk Skald began the quest for the Orb.
     0 | D:1      | Reached XP level 1. HP: 16/16 MP: 3/3
   173 | D:1      | Reached XP level 2. HP: 14/22 MP: 0/5
   180 | D:1      | Reached skill level 4 in Charms
   184 | D:1      | Learned a level 2 spell: Shroud of Golubria
   777 | D:1      | Reached skill level 1 in Translocations
  1072 | D:1      | Reached XP level 3. HP: 27/27 MP: 6/6
  1665 | D:2      | Reached XP level 4. HP: 6/33 MP: 0/7
  2928 | D:2      | Noticed Terence
  3330 | D:2      | Killed Terence
  3330 | D:2      | Reached XP level 5. HP: 38/38 MP: 3/8
  3534 | D:3      | Learned a level 3 spell: Spectral Weapon
  3947 | D:3      | Reached skill level 1 in Hexes
  4329 | D:3      | Reached skill level 5 in Charms
  4603 | D:3      | Noticed Jessica
  4610 | D:3      | Killed Jessica
  4610 | D:3      | Reached XP level 6. HP: 29/44 MP: 5/9
  6132 | D:4      | Got a brightly glowing ring mail
  6143 | D:4      | Identified the +4 ring mail "Kurihu" {rC- rN+ Dex+2 Stlth+} (You found it on level 4 of the Dungeon)
  6517 | D:4      | Found a shadowy altar of Dithmenos.
  6517 | D:4      | Found a glowing silver altar of Zin.
  6633 | D:5      | Entered Level 5 of the Dungeon
  6723 | D:5      | Found Lehaofeg's Food Boutique.
  6734 | D:5      | Found Guodghibe's General Store.
  6842 | D:5      | Noticed ThereIsNoGod's ghost (novice OpIE)
  6876 | D:5      | Found an opulent altar of Gozag.
  6919 | D:5      | Found Tehaf's Book Emporium.
  6949 | D:5      | Noticed an ice beast
  6950 | D:5      | Noticed Edmund
  6950 | D:5      | Noticed Ijyb
  6965 | D:5      | Noticed an ice beast
  6972 | D:5      | HP: 2/44 [ThereIsNoGod's ghost (4)]
  6974 | D:5      | Killed from afar by ThereIsNoGod's ghost

Skill      XL: |  1  2  3  4  5  6 |
---------------+-------------------+-----
Charms         | 4 5 |  5.6
Translocations | 1 2 3 |  3.0
Hexes          | 1 3 |  3.3
Fighting       | |  2.1
Polearms       | |  3.0
Armour         | |  0.6
Dodging        | |  2.6
Spellcasting   | |  2.0

Action                   |  1- 3 |  4- 6 || total
-------------------------+-------+-------++-------
Melee: Spear             |   160 |   102 ||   262
       Trident           |       |   246 ||   246
 Cast: Infusion          |     8 |    18 ||    26
       Shroud of Golubri |       |     4 ||     4
  Use: Potion            |       |     5 ||     5
 Stab: Distracted        |     1 |     1 ||     2
       Sleeping          |       |     1 ||     1
  Eat: Chunk             |     3 |    15 ||    18
       Royal jelly       |       |     1 ||     1
Armor: Leather armour    |    29 |    75 ||   104
       Ring mail         |       |    18 ||    18
Dodge: Dodged            |   103 |   232 ||   335
